Workbook

Sheet Exercicio 1
B2: Custos/Actividades | C2: A1 | D2: A2 | E2: A3 | F2: A4 | G2: A5 | H2: Total
B3: 3 Gestores de projecto | C3: =C$9*O$10 -> 1436.1702 | D3: =D$9*O$10 -> 9574.4681 | E3: =E$9*O$10 -> 7180.8511 | F3: =F$9*O$10 -> 23936.17 | G3: =G$9*O$10 -> 47872.34 | H3: =SUM(C3:G3) -> 90000 | S3: Horas de Mão-de-Obra por Atividade | T3: A1 | U3: A2 | V3: A3 | W3: A4 | X3: A5 | Y3: Total
B4: 5 Consultores Sénior | C4: =C$9*O$11 -> 1436.1702 | D4: =D$9*O$11 -> 9574.4681 | E4: =E$9*O$11 -> 7180.8511 | F4: =F$9*O$11 -> 23936.17 | G4: =G$9*O$11 -> 47872.34 | H4: =SUM(C4:G4) -> 90000 | L4: Gastos Gerais | M4: 18000 | N4: Dúvida no valor não sei se é semestral ou anual | S4: 3 Gestores de projecto | T4: 1.000h | U4: 700h | V4: 400h | W4: 900h | X4: 0h | Y4: 3.000h
B5: 8 Consultores Analistas | C5: =C$9*O$12 -> 1276.5957 | D5: =D$9*O$12 -> 8510.6383 | E5: =E$9*O$12 -> 6382.9787 | F5: =F$9*O$12 -> 21276.596 | G5: =G$9*O$12 -> 42553.191 | H5: =SUM(C5:G5) -> 80000 | L5: Horas | M5: 18000 | S5: 5 Consultores Sénior | T5: 1.500h | U5: 900h | V5: 1.400h | W5: 1.200h | X5: 0h | Y5: 5.000h
B6: 2 Assistentes | C6: =C$9*O$13 -> 159.57447 | D6: =D$9*O$13 -> 1063.8298 | E6: =E$9*O$13 -> 797.87234 | F6: =F$9*O$13 -> 2659.5745 | G6: =G$9*O$13 -> 5319.1489 | H6: =SUM(C6:G6) -> 10000 | S6: 8 Consultores Analistas | T6: 800h | U6: 3.600h | V6: 1.200h | W6: 1.400h | X6: 1.000h | Y6: 8.000h
B7: Gastos Gerais | C7: =T8*M7 -> 3500 | D7: =U8*M7 -> 5500 | E7: =V8*M7 -> 3300 | F7: =W8*M7 -> 3500 | G7: =X8*M7 -> 2200 | H7: =SUM(C7:G7) -> 18000 | L7: Base Imputacao | M7: =M4/M5 -> 1 | S7: 2 Assistentes | T7: 200h | U7: 300h | V7: 300h | W7: 0h | X7: 1.200h | Y7: 2.000h
B8: Total | C8: =SUM(C3:C7) -> 7808.5106 | D8: =SUM(D3:D7) -> 34223.404 | E8: =SUM(E3:E7) -> 24842.553 | F8: =SUM(F3:F7) -> 75308.511 | G8: =SUM(G3:G7) -> 145817.02 | H8: =SUM(C8:G8) -> 288000 | S8: Total | T8: 3500 | U8: 5500 | V8: 3300 | W8: 3500 | X8: 2200 | Y8: 18.000h
B9: Nº de indutores ou de ocorrências | C9: 3 | D9: 20 | E9: 15 | F9: 50 | G9: 100 | H9: =SUM(C9:G9) -> 188 | L9: Cutos
B10: Custo unitário por indutor | C10: =C8/C9 -> 2602.8369 | D10: =D8/D9 -> 1711.1702 | E10: =E8/E9 -> 1656.1702 | F10: =F8/F9 -> 1506.1702 | G10: =G8/G9 -> 1458.1702 | H10: =SUM(C10:G10) -> 8934.5177 | L10: 3 Gestores de projecto | M10: =(24000*3)*1.25 -> 90000 | N10: 188 | O10: =M10/N10 -> 478.7234
L11: 5 Consultores Sénior | M11: =(14400*5)*1.25 -> 90000 | N11: 188 | O11: =M11/N11 -> 478.7234
L12: 8 Consultores Analistas | M12: =(8000*8)*1.25 -> 80000 | N12: 188 | O12: =M12/N12 -> 425.53191
L13: 2 Assistentes | M13: =(4000*2)*1.25 -> 10000 | N13: 188 | O13: =M13/N13 -> 53.191489

Sheet Exercico 2
A2: Actividades | B2: Proj. X1 | C2: Proj. X2 | D2: Proj. X3 | E2: Custos não incorporados | F2: Total
A3: 1. Vendas | B3: 68000 | C3: 70000 | D3: 180000 | F3: =SUM(B3:E3) -> 318000
A4: 2. Custos das Actividades
A5: A1 | B5: ='Exercicio 1'!C10*1 -> 2602.8369 | C5: ='Exercicio 1'!C10*1 -> 2602.8369 | D5: ='Exercicio 1'!C10*1 -> 2602.8369 | F5: =SUM(B5:E5) -> 7808.5106
A6: A2 | B6: ='Exercicio 1'!D10*5 -> 8555.8511 | C6: ='Exercicio 1'!D10*3 -> 5133.5106 | D6: ='Exercicio 1'!D10*12 -> 20534.043 | F6: =SUM(B6:E6) -> 34223.404
A7: A3 | B7: ='Exercicio 1'!E10*4 -> 6624.6809 | C7: ='Exercicio 1'!E10*6 -> 9937.0213 | D7: ='Exercicio 1'!E10*5 -> 8280.8511 | F7: =SUM(B7:E7) -> 24842.553
A8: A4 | B8: ='Exercicio 1'!F10*12 -> 18074.043 | C8: ='Exercicio 1'!F10*8 -> 12049.362 | D8: ='Exercicio 1'!F10*30 -> 45185.106 | F8: =SUM(B8:E8) -> 75308.511
A9: A5 | B9: ='Exercicio 1'!G10*20 -> 29163.404 | C9: ='Exercicio 1'!G10*35 -> 51035.957 | D9: ='Exercicio 1'!G10*45 -> 65617.66 | F9: =SUM(B9:E9) -> 145817.02
A10: Total | B10: =SUM(B5:B9) -> 65020.816 | C10: =SUM(C5:C9) -> 80758.688 | D10: =SUM(D5:D9) -> 142220.5 | F10: =SUM(B10:E10) -> 288000
A11: 3. Resultado [1 - 2] | B11: =B3-B10 -> 2979.1844 | C11: =C3-C10 -> -10758.688 | D11: =D3-D10 -> 37779.504 | F11: =SUM(B11:E11) -> 30000
A12: Margem (%) | B12: =B10/B3 -> 0.95618846 | C12: =C10/C3 -> 1.1536955 | D12: =D10/D3 -> 0.79011387 | F12: =F10/F3 -> 0.90566038

Sheet Exercico 3
B2: Rubricas | C2: Cliente VNF | D2: Cliente AMT | E2: Total
C3: (X1 + X3) | D3: X2
B4: 1. Vendas | C4: ='Exercico 2'!B3+'Exercico 2'!D3 -> 248000 | D4: ='Exercico 2'!C3 -> 70000 | E4: =C4+D4 -> 318000
B5: 2. Custos das Actividades
B6: A1 | C6: ='Exercico 2'!B5+'Exercico 2'!D5 -> 5205.6738 | D6: ='Exercico 2'!C5 -> 2602.8369 | E6: =C6+D6 -> 7808.5106
B7: A2 | C7: ='Exercico 2'!B6+'Exercico 2'!D6 -> 29089.894 | D7: ='Exercico 2'!C6 -> 5133.5106 | E7: =C7+D7 -> 34223.404
B8: A3 | C8: ='Exercico 2'!B7+'Exercico 2'!D7 -> 14905.532 | D8: ='Exercico 2'!C7 -> 9937.0213 | E8: =C8+D8 -> 24842.553
B9: A4 | C9: ='Exercico 2'!B8+'Exercico 2'!D8 -> 63259.149 | D9: ='Exercico 2'!C8 -> 12049.362 | E9: =C9+D9 -> 75308.511
B10: A5 | C10: ='Exercico 2'!B9+'Exercico 2'!D9 -> 94781.064 | D10: ='Exercico 2'!C9 -> 51035.957 | E10: =C10+D10 -> 145817.02
B11: Total | C11: =SUM(C6:C10) -> 207241.31 | D11: =SUM(D6:D10) -> 80758.688 | E11: =C11+D11 -> 288000
B12: 3. Resultado [ 1 - 2 ] | C12: =C4-C11 -> 40758.688 | D12: =D4-D11 -> -10758.688 | E12: =E4-E11 -> 30000
B13: Margem (%) | C13: =C11/C4 -> 0.83565045 | D13: =D11/D4 -> 1.1536955 | E13: =E11/E4 -> 0.90566038
